Map: King's Cove LE

Players

GunGFuBanDa - Winner!

  • Race: Protoss Protoss
  • Spawn Location: 5:00

Cham

  • Race: Zerg Zerg
  • Spawn Location: 11:00

Event: 2019 WCS Summer

VOD

Have the link to the VOD?

Description

Time

  • Played on: July 12, 2019, 12:09 p.m.
  • Length: 13:50

All games in this series

Show
View Real Time Build Order
Export as new Build Order

GunGFuBanDa Protoss - Winner!

Build Orders: 1 Gate Expand, Oracle Opening, Phoenix Opening, Archon Immortal 

Get SALT Encoding   

  12  0:00  Probe  
  13  0:12  Probe  
  14  0:18  Pylon  
  14  0:24  Probe  
  15  0:33  Probe  
  15  0:39  Gateway  
  15  0:41  Probe  
  16  0:48  Assimilator  
  17  0:51  Probe  
  18  1:03  Probe  
  19  1:15  Probe  
  20  1:25  Nexus  
  20  1:36  Cybernetics Core  
  20  1:38  Probe  
  21  1:44  Assimilator  
  21  1:50  Probe  
  21  1:53  Pylon  
  22  2:02  Probe, Adept  
  23  2:11  Probe  
  26  2:19  Probe  
  26  2:20  Stargate  
  26  2:29  Warp Gate  
  27  2:30  Probe  
  27  2:33  Probe  
  27  2:34  Adept  
  30  2:42  Probe  
  30  2:43  Probe  
  33  2:53  Probe  
  33  2:54  Probe  
  35  2:59  Phoenix  
  37  3:06  Probe x2  
  39  3:15  Gateway  
  39  3:18  Probe x2  
  41  3:20  Oracle  
  41  3:26  Pylon  
  44  3:30  Probe  
  44  3:31  Probe  
  46  3:36  Assimilator  
  46  3:38  Assimilator  
  46  3:40  Probe  
  46  3:45  Pylon  
  46  3:47  Probe  
  48  3:50  Probe  
  48  3:51  Oracle, Gateway  
  49  3:59  Probe  
  49  4:01  Probe  
  54  4:10  Pylon  
  54  4:11  Probe  
  54  4:13  Probe  
  56  4:18  Sentry, Zealot  
  56  4:23  Probe  
  61  4:25  Probe  
  62  4:40  Nexus  
  62  4:42  Probe x2, Pylon  
  64  4:48  Oracle  
  64  4:50  Robotics Facility  
  67  4:55  Sentry  
  67  4:59  Forge  
  69  5:00  Twilight Council  
  69  5:06  Probe  
  69  5:08  Probe  
  69  5:09  Pylon  
  69  5:11  Sentry, Zealot  
  75  5:14  Probe  
  75  5:20  Probe  
  77  5:29  Probe  
  77  5:33  Probe  
  79  5:36  Charge  
  79  5:37  Adept x2, Protoss Ground Weapons Level 1  
  79  5:39  Probe  
  83  5:44  Observer  
  83  5:45  Probe  
  83  5:48  Robotics Facility  
  83  5:49  Probe  
  86  5:50  Probe  
  86  5:55  Sentry  
  86  5:56  Shield Battery  
  90  5:57  Probe x2  
  90  6:01  Immortal  
  90  6:02  Probe  
  93  6:06  Probe  
  93  6:09  Probe, Pylon  
  99  6:14  Pylon  
  99  6:15  Pylon  
  99  6:17  Pylon  
  99  6:19  Probe  
  100  6:29  Probe x2  
  100  6:31  Probe  
  100  6:33  Assimilator  
  100  6:34  Assimilator  
  100  6:35  Gateway  
  100  6:36  Gateway  
  100  6:40  Gateway  
  100  6:44  Immortal  
  104  6:49  Immortal  
  108  6:58  Templar Archives  
  104  7:10  Zealot x3  
  104  7:12  Protoss Ground Weapons Level 2  
  104  7:14  Photon Cannon  
  110  7:19  Gateway x2  
  110  7:20  Gateway  
  110  7:23  Psionic Storm, Warp Prism  
  110  7:28  Immortal  
  116  7:35  High Templar x2  
  120  7:40  High Templar  
  122  7:52  Nexus  
  122  7:54  Pylon  
  122  8:00  High Templar, Immortal  
  122  8:04  High Templar  
  134  8:26  Zealot  
  134  8:27  Zealot x2  
  138  8:31  Pylon  
  138  8:33  Pylon  
  140  8:35  Pylon  
  140  8:38  Pylon  
  140  8:40  Pylon  
  140  8:44  Photon Cannon  
  140  8:45  Photon Cannon, Immortal  
  140  8:47  Shield Battery  
  140  8:48  Pylon  
  140  8:54  High Templar x3  
  140  8:55  Zealot x5, High Templar  
  144  8:58  Archon  
  144  8:59  Archon  
  154  9:08  Blink  
  154  9:11  Probe x2  
  154  9:12  Fleet Beacon  
  154  9:14  Assimilator  
  154  9:19  Assimilator  
  154  9:21  Immortal, Phoenix  
  154  9:23  Zealot x3  
  166  9:31  Dark Shrine  
  154  9:46  Zealot x7  
  168  9:53  Protoss Ground Weapons Level 3  
  156  10:09  Zealot x4  
  156  10:10  Zealot x3, Mothership  
  140  10:35  Zealot x4  
  156  10:37  Stargate  
  156  10:38  Protoss Air Weapons Level 1, High Templar x2, Stargate  
  146  10:52  Dark Templar x3  
  146  10:53  Warp Prism  
  152  11:03  Tempest  
  152  11:29  Tempest x2  
  142  11:39  Tempest  
  144  11:41  Zealot x2  
  144  11:42  Zealot x7  
  157  12:01  Observer  
  158  12:02  Tempest  
  158  12:04  Nexus  
  158  12:05  High Templar x2  
  167  12:15  Tempest  
  167  12:22  High Templar x4  
  175  12:23  Zealot x3  
  175  12:26  Archon x2  
  158  12:46  Tempest  
  158  12:48  Zealot x5  
  173  13:03  Zealot x4  
  177  13:18  Zealot x4  
  177  13:19  Zealot  
  160  13:37  Archon  
  160  13:39  Archon  
  145  13:43  Zealot  
  145  13:44  Zealot x7  
Show
View Real Time Build Order
Export as new Build Order

Cham Zerg 

Build Orders: Hatch First, Brood Lord Corruptor 

Get SALT Encoding   

  12  0:00  Drone  
  13  0:10  Drone  
  14  0:17  Overlord  
  14  0:35  Drone  
  14  0:36  Drone  
  16  0:50  Hatchery  
  16  0:53  Drone  
  16  0:57  Drone  
  17  1:01  Drone  
  18  1:12  Extractor  
  18  1:15  Spawning Pool  
  16  1:19  Drone  
  16  1:22  Drone  
  18  1:30  Drone  
  19  1:42  Drone  
  20  1:52  Overlord  
  20  2:02  Zergling x2, Queen  
  20  2:03  Zergling x2, Queen  
  26  2:14  Metabolic Boost  
  26  2:16  Drone x2  
  28  2:24  Drone x2  
  30  2:39  Hatchery  
  29  2:46  Drone x2  
  29  2:51  Queen  
  31  2:56  Overlord  
  33  3:01  Drone x2  
  35  3:06  Overlord  
  35  3:09  Drone  
  36  3:15  Drone x3  
  36  3:18  Drone  
  40  3:21  Spore Crawler  
  40  3:23  Drone  
  40  3:25  Zergling x2  
  40  3:27  Zergling x2  
  42  3:30  Zergling x2  
  43  3:36  Queen  
  43  3:40  Overlord  
  45  3:50  Queen  
  45  3:54  Drone x3  
  50  3:56  Spore Crawler  
  50  3:57  Drone  
  50  3:58  Overlord  
  50  4:02  Overlord  
  50  4:06  Drone  
  50  4:07  Drone  
  52  4:13  Overlord  
  52  4:16  Drone  
  52  4:17  Drone x2  
  55  4:18  Drone  
  56  4:27  Lair  
  56  4:30  Drone x4  
  56  4:31  Drone  
  60  4:34  Drone  
  59  4:38  Drone x3  
  59  4:42  Drone  
  62  4:46  Drone x2  
  62  4:48  Overlord x2  
  64  4:54  Overlord  
  64  4:55  Drone  
  65  5:02  Queen, Extractor  
  65  5:03  Extractor  
  65  5:04  Extractor x2  
  65  5:06  Overlord  
  63  5:07  Drone  
  63  5:08  Drone x3  
  63  5:10  Drone  
  63  5:11  Drone  
  69  5:14  Drone x2  
  69  5:15  Drone  
  69  5:19  Drone x3  
  69  5:20  Drone  
  76  5:27  Hydralisk Den  
  70  5:29  Drone  
  70  5:31  Drone x2  
  70  5:32  Drone  
  73  5:38  Drone x2  
  73  5:40  Drone, Hatchery  
  73  5:42  Drone x2  
  77  5:47  Drone x2  
  79  5:52  Overlord  
  79  6:04  Hydralisk x5  
  79  6:09  Hydralisk x2, Grooved Spines  
  93  6:16  Drone x2  
  93  6:17  Extractor  
  93  6:18  Overlord x2  
  94  6:19  Hydralisk  
  94  6:24  Drone, Baneling Nest  
  96  6:25  Drone x2  
  96  6:28  Drone x2  
  96  6:29  Drone  
  96  6:32  Hydralisk  
  100  6:35  Hydralisk  
  100  6:36  Hydralisk  
  104  6:40  Overlord  
  104  6:41  Hydralisk  
  104  6:43  Hydralisk  
  104  6:46  Hydralisk  
  108  6:49  Hydralisk  
  108  6:54  Hydralisk x2  
  116  7:06  Drone x2  
  116  7:08  Centrifical Hooks  
  116  7:10  Drone x4, Extractor  
  116  7:11  Drone x5  
  116  7:12  Extractor  
  116  7:15  Drone  
  124  7:16  Infestation Pit  
  124  7:17  Drone x2  
  124  7:19  Pneumatized Carapace  
  124  7:21  Drone  
  126  7:24  Drone x2  
  126  7:28  Overlord  
  126  7:29  Drone x2  
  130  7:31  Hydralisk  
  130  7:33  Hydralisk  
  130  7:35  Zergling x4  
  135  7:39  Zergling x8  
  135  7:40  Zergling x2  
  140  7:49  Zergling x18  
  149  7:58  Hatchery  
  148  8:00  Baneling x8  
  148  8:03  Hive  
  148  8:04  Muscular Augments  
  148  8:09  Spire  
  148  8:10  Zergling x6  
  150  8:15  Zergling x4  
  149  8:20  Baneling x6  
  149  8:21  Baneling x6  
  149  8:22  Overlord  
  149  8:23  Overlord  
  149  8:24  Zergling x4  
  151  8:27  Overlord  
  151  8:28  Overlord  
  151  8:34  Overlord x2  
  151  8:36  Overlord  
  151  8:37  Overlord  
  151  8:44  Baneling  
  151  8:45  Baneling x5, Zergling x2  
  151  8:46  Zergling x14  
  159  8:53  Zergling x16  
  167  9:01  Zergling x4  
  167  9:02  Zergling x6  
  172  9:04  Drone x2  
  174  9:11  Overlord  
  174  9:15  Adrenal Glands  
  174  9:19  Baneling  
  174  9:20  Baneling x4  
  174  9:21  Baneling x2  
  174  9:23  Zergling x22  
  185  9:24  Extractor  
  185  9:27  Greater Spire  
  185  9:29  Extractor  
  176  9:43  Corruptor x7  
  172  9:59  Zergling x2  
  166  10:00  Zergling x28  
  175  10:08  Zergling x2  
  175  10:09  Zergling x2  
  175  10:11  Baneling  
  175  10:12  Baneling x4  
  175  10:13  Zergling x4  
  174  10:14  Zergling x4  
  174  10:19  Baneling x3  
  160  10:32  Zergling x6  
  163  10:40  Brood Lord x7  
  173  10:43  Zergling x6  
  173  10:44  Zergling x6  
  173  10:48  Drone x3  
  179  10:51  Drone x3  
  179  10:52  Drone x3  
  179  10:55  Zerg Flyer Weapons Level 1  
  185  11:00  Drone x3  
  186  11:05  Overseer  
  186  11:07  Drone  
  186  11:08  Drone x6  
  186  11:10  Baneling x6  
  193  11:15  Overseer  
  177  11:26  Corruptor x4  
  177  11:30  Drone x5  
  177  11:38  Hydralisk  
  177  11:39  Corruptor x2  
  181  11:45  Drone x3  
  183  11:50  Drone x2  
  183  11:52  Extractor  
  183  11:57  Corruptor  
  183  12:00  Corruptor x5  
  195  12:05  Corruptor x2  
  199  12:11  Overseer  
  199  12:35  Hatchery  
  198  12:41  Corruptor x4  
  179  13:19  Corruptor x3  
  165  13:20  Zergling x24  
Tags
 
Add a new tag
Caveats
  • Supply blocks, unpowered buildings, or Contaminate may cause inaccurate times.
  • Supply counts are checked every 10 seconds.